 Dungeon Crawl Stone Soup version 0.27.0-1-g7a089689b8 (webtiles) character file.

Game seed: 14867409281944249590

32 robertstho the Magician (level 3, 0/26 HPs)
             Began as a Djinni Fire Elementalist on Aug 9, 2021.
             Slain by a jackal (3 damage)
             ... on level 3 of the Dungeon.
             The game lasted 00:02:56 (2015 turns).

robertstho the Magician (Djinni Fire Elementalist)  Turns: 2015, Time: 00:02:57

Health: 0/26       AC:  2    Str:  7    XL:     3   Next: 42%
Gold:   45         EV: 12    Int: 17    God:
                   SH:  0    Dex: 13

rFire    + + .     SeeInvis .   h - +0 short sword
rCold    x . .     Faith    .   (no shield)
rNeg     . . .     Spirit   .   a - +0 robe
rPois    ∞         Reflect  .   (no helmet)
rElec    .         Harm     .   (no cloak)
rCorr    .         Rampage  .   (no gloves)
Will     .....                  (boots unavailable)
Stlth    ++........             (no amulet)
HPRegen  0.08/turn              (no ring)
MPRegen  0.00/turn              (no ring)

@: flying
A: sickness immunity, fire resistance 2, cold vulnerability 1, float, innate
caster, hp casting, extra vitality 1
a: no special abilities


You were on level 3 of the Dungeon.
You visited 1 branch of the dungeon, and saw 3 of its levels.

You collected 45 gold pieces.

Inventory:

Hand Weapons
 h - a +0 short sword (weapon)
Missiles
 i - a throwing net
Armour
 a - a +0 robe (worn)
Jewellery
 c - a +6 ring of dexterity
 e - a ring of protection from fire
Scrolls
 b - a scroll of magic mapping {unknown}
 d - 4 scrolls of identify {unknown}
Potions
 f - a potion of curing
 g - a potion of attraction {unknown}


   Skills:
 * Level 0.6 Fighting
 + Level 2.3 Dodging
 + Level 1.6 Stealth
 + Level 0.3 Unarmed Combat
 * Level 3.1 Spellcasting


You couldn't memorise any spells.
You knew the following spells:

 Your Spells              Type           Power      Damage    Failure   Level
a - Foxfire               Conj/Fire      52%        2x1d6     4%          1
b - Conjure Flame         Conj/Fire      13%        6-21      14%         3
c - Inner Flame           Hex/Fire       13%        N/A       14%         3
d - Sticky Flame          Conj/Fire      13%        2d4       43%         4
e - Fireball              Conj/Fire      6%         3d5       78%         5
f - Beastly Appendage     Tmut           26%        N/A       4%          1
Your spell library was empty.

Dungeon Overview and Level Annotations

Branches:
Dungeon (3/15)

Altars:


Innate Abilities, Weirdness & Mutations

You are immune to sickness and miasma.
You are immune to poison.
Your flesh is very heat resistant. (rF++)
You are vulnerable to cold. (rC-)
You float through the air rather than walking.
You learn spells naturally, not from books.
Your magical power is your life essence.
You have superior vitality. (+4 HP)


Message History

The jackal bites you but does no damage.
The jackal closely misses you.
There is an open door here.
The jackal barely misses you.
Casting: Foxfire (safe; 4% risk of failure)
Press: ? - help, Q - select action, (/) - cycle Dir - look around, f - activate You miscast Foxfire.
You are very lightly contaminated with residual magic.
Nothing appears to happen.
* * * LOW HITPOINT WARNING * * *
The jackal bites you.
* * * LOW HITPOINT WARNING * * *
It was a potion of curing.
You feel better.
The jackal bites you but does no damage.
The jackal barely misses you.
A ball python comes into view.
The jackal bites you.
* * * LOW HITPOINT WARNING * * *
The ball python moves out of view.
There is an escape hatch in the floor here.
You fly downwards.
The hatch slams shut behind you.
Casting: Foxfire (safe; 4% risk of failure)
Press: ? - help, Q - select action, (/) - cycle Dir - look around, f - activate You conjure some foxfire!
* * * LOW HITPOINT WARNING * * *
The jackal bites you.
* * * LOW HITPOINT WARNING * * *
Your magical contamination has completely faded away.
You hit the jackal but do no damage.
The jackal is moderately wounded.
The foxfire hits the jackal.
The jackal is severely wounded.
The jackal closely misses you. The jackal bites you.
* * * LOW HITPOINT WARNING * * *
Casting: Foxfire (safe; 4% risk of failure)
Press: ? - help, Q - select action, (/) - cycle Dir - look around, f - activate You conjure some foxfire!
* * * LOW HITPOINT WARNING * * *
The jackal bites you.
You die...

#.#
#.#
#.#
#.#
#.#
#.#
#h###
#@v.#
#####


You could see a jackal (ally target).

Vanquished Creatures
  A dart slug (D:1)
  2 ball pythons
  A bat (D:2)
  An endoplasm (D:2)
  5 giant cockroaches
  4 goblins
  A hobgoblin (D:1)
  2 jackals (D:2)
  2 quokkas
  2 frilled lizards (D:1)
  2 kobolds (D:1)
  A rat (D:1)
24 creatures vanquished.

Vanquished Creatures (others)
  111 foxfires
111 creatures vanquished.

Grand Total: 135 creatures vanquished

Notes
Turn   | Place    | Note
-------+----------+-------------------------------------------
     0 | D:1      | robertstho the Djinni Fire Elementalist began the quest for
                  | the Orb.
     0 | D:1      | Reached XP level 1. HP: 15/15 MP: 0/0
   578 | D:1      | Reached XP level 2. HP: 18/22 MP: 0/0
  1472 | D:1      | Reached XP level 3. HP: 24/26 MP: 0/0
  1472 | D:1      | Learned a level 1 spell: Beastly Appendage
  1634 | D:2      | Reached skill level 3 in Spellcasting
  2006 | D:2      | HP: 1/26 [jackal (1)]
  2015 | D:3      | Slain by a jackal

Illustrated notes

Levels and vault maps discovered:
D:1:      dpeg_arrival_round_b, layout_basic
D:2:      layout_basic
D:3:      layout_loops_ring, regret_index_temple_of_mockery

Skill      XL: |  1  2  3 |
---------------+----------+-----
Spellcasting   | 3 |  3.1
Fighting       | |  0.6
Dodging        | |  2.3
Stealth        | |  1.6
Unarmed Combat | |  0.3

Action                   || total
-------------------------++-------
Melee: Unarmed           ||     6
       Short sword       ||     2
 Cast: Foxfire           ||    73
  Use: Potion            ||     1
Armor: Robe              ||     7
Dodge: Dodged            ||    43
